 Dungeon Crawl Stone Soup version 0.27.1-15-g792fb953b9 (webtiles) character file.

Game seed: 8365247259562328971

6 zeram the Sneak (level 1, 0/11 HPs)
             Began as an Octopode Enchanter on Nov 18, 2021.
             Slain by a jackal (2 damage)
             ... on level 1 of the Dungeon.
             The game lasted 00:00:30 (436 turns).

zeram the Sneak (Octopode Enchanter)                 Turns: 436, Time: 00:00:31

Health: 0/11       AC:  1    Str:  7    XL:     1   Next: 90%
Magic:  3/3        EV: 13    Int: 17    God:
Gold:   0          SH:  0    Dex: 12    Spells: 3/4 levels left

rFire    . . .     SeeInvis .   a - +1 dagger
rCold    . . .     Faith    .   (no shield)
rNeg     . . .     Spirit   .   (helmet restricted)
rPois    .         Reflect  .   (no amulet)
rElec    .         Harm     .   (no ring)
rCorr    .         Rampage  .   (no ring)
Will     .....                  (no ring)
Stlth    ++++......             (no ring)
HPRegen  0.03/turn              (no ring)
MPRegen  0.08/turn              (no ring)
                                (no ring)
                                (no ring)

@: no status effects
A: almost no armour, amphibious, 8 rings, camouflage 1, gelatinous body 1,
(nimble swimmer 1), tentacles
a: no special abilities


You were on level 1 of the Dungeon.
You visited 1 branch of the dungeon, and saw 1 of its levels.

Inventory:

Hand Weapons
 a - a +1 dagger (weapon)
Scrolls
 b - a scroll of amnesia {unknown}


   Skills:
 + Level 1.0 Short Blades
 + Level 2.0 Dodging
 + Level 4.6 Stealth
 - Level 2.0 Spellcasting
 - Level 3.0 Hexes


You had 3 spell levels left.
You knew the following spells:

 Your Spells              Type           Power      Damage    Failure   Level
a - Corona                Hex            12%        N/A       5%          1

Your spell library contained the following spells:

 Spells                   Type           Power      Damage    Failure   Level
 Ensorcelled Hibernation  Hex/Ice        12%        N/A       16%         2
 Confusing Touch          Hex            11%        N/A       17%         3
 Tukima's Dance           Hex            11%        N/A       17%         3
 Dazzling Flash           Conj/Hex       12%        N/A       30%         3


Dungeon Overview and Level Annotations

Branches:
Dungeon (1/15)

Altars:


Innate Abilities, Weirdness & Mutations

You cannot wear most types of armour.
You are amphibious.
You can wear up to eight rings at the same time.
Your skin changes colour to match your surroundings (Stealth+).
Your rubbery body absorbs attacks. (AC +1, EV +1)
((You are camouflaged near water. (Stealth+)))
You have tentacles for arms and can constrict up to eight enemies at once.


Message History

* * * LOW HITPOINT WARNING * * *
You closely miss the jackal. Your grab misses the jackal.
The jackal is moderately wounded.
The jackal barely misses you.
A ball python comes into view.
Unknown command.
You barely miss the jackal.
The ball python hisses angrily.
Your grab misses the jackal.
The jackal is moderately wounded.
The jackal barely misses you.
A giant cockroach comes into view.
You hit the jackal. You grab the jackal.
You squeeze the jackal, but do no damage.
The jackal is heavily wounded.
You constrict the jackal, but do no damage.
The jackal bites you but does no damage.
The jackal closely misses you.
You hit the jackal but do no damage. You squeeze the jackal.
You kill the jackal!
You hit the ball python. Your grab misses the ball python.
The ball python is moderately wounded.
The ball python bites you but does no damage.
The ball python barely misses you. The ball python bites you.
* * * LOW HITPOINT WARNING * * *
The ball python completely misses you.
You closely miss the ball python. Your grab misses the ball python.
The ball python is moderately wounded.
The ball python barely misses you. The ball python grabs you.
The ball python constricts you.
* * * LOW HITPOINT WARNING * * *
You hit the ball python. You grab the ball python.
You squeeze the ball python, but do no damage.
The ball python is severely wounded.
You constrict the ball python.
You kill the ball python!
You hit the jackal. Your grab misses the jackal.
The jackal is heavily wounded.
The jackal closely misses you. The jackal bites you.
You die...

#####.......♣
............♣♣♣
#.........
##....K....
######..........
####...SB....####..
####.....rKg##### .
#....##.##h## #.#
###.##@#
#######.###......#
...............###
>.......####.###
######.......##
##...#####..### ####.
#..####.......###....
#.##..(.#####.##..#
#. ..## ##....#


You could see a jackal, a giant cockroach, a hobgoblin, a ball python, a kobold
and a rat.

Vanquished Creatures
  A bat (D:1)
  2 endoplasms (D:1)
  A jackal (D:1)
  A ball python (D:1)
5 creatures vanquished.

Notes
Turn   | Place    | Note
-------+----------+-------------------------------------------
     0 | D:1      | zeram the Octopode Enchanter began the quest for the Orb.
     0 | D:1      | Reached XP level 1. HP: 11/11 MP: 3/3
   436 | D:1      | Slain by a jackal

Illustrated notes

Levels and vault maps discovered:
D:1:      sevenhm_arrival_forest_fort_large_2, layout_rooms,
          dilly_ecumenical_altar_fadedgnrine, minmay_pentomino_x2

Action                   || total
-------------------------++-------
Melee: Dagger            ||    19
       Tentacles         ||     4
       Constrict         ||     3
 Stab: Sleeping          ||     1
Armor: Skin              ||     6
Dodge: Dodged            ||    19
